 Dungeon Crawl Stone Soup version 0.29.1-15-g9cfb28693d (webtiles) character file.

Game seed: 17917135413503723713

5 croobank the Insei (level 1, 0/13 HPs)
             Began as an Octopode Transmuter on Mar 13, 2023.
             Slain by a quokka (4 damage)
             ... on level 1 of the Dungeon.
             The game lasted 00:00:42 (234 turns).

croobank the Insei (Octopode Transmuter)             Turns: 234, Time: 00:00:42

Health: 0/13       AC:  1    Str:  9    XL:     1   Next: 80%
Magic:  2/3        EV: 13    Int: 15    God:
Gold:   26         SH:  0    Dex: 12    Spells: 3/4 levels left

rFire   . . .      SeeInvis .     - Unarmed
rCold   . . .      Faith    .   (no shield)
rNeg    . . .      Spirit   .   (helmet currently unavailable)
rPois   .          Reflect  .   (no amulet)
rElec   .          Harm     .   (no ring)
rCorr   .          Rampage  .   (no ring)
Will    .....                   (no ring)
Stlth   ++........              (no ring)
HPRegen 0.04/turn               (no ring)
MPRegen 0.08/turn               (no ring)
                                (no ring)
                                (no ring)

@: appendages (expiring)
A: tentacle spike 3, almost no armour, amphibious, 8 rings, camouflage 1,
gelatinous body 1, (nimble swimmer 1), tentacles
a: End Transformation


You were on level 1 of the Dungeon.
One of your tentacles had grown a beastly spike.
You visited 1 branch of the dungeon, and saw 2 of its levels.

You collected 26 gold pieces.

Inventory:

Missiles
 c - 5 boomerangs
Scrolls
 b - a scroll of summoning {unknown}
Potions
 a - a potion of lignification


   Skills:
 + Level 1.1 Fighting
 + Level 2.1 Dodging
 + Level 3.0 Unarmed Combat
 + Level 2.0 Spellcasting
 + Level 2.1 Transmutations


You had 3 spell levels left.
You knew the following spells:

 Your Spells              Type           Power      Damage    Failure   Level
a - Beastly Appendage     Tmut           14%        N/A       10%         1

Your spell library contained the following spells:

 Spells                   Type           Power      Damage    Failure   Level
 Wereblood                Tmut           7%         N/A       14%         2
 Spider Form              Tmut/Pois      4%         N/A       41%         3
 Ice Form                 Ice/Tmut       4%         N/A       82%         4


Dungeon Overview and Level Annotations

Branches:
Dungeon (2/15)

Altars:

Shops:
D:1 !


Innate Abilities, Weirdness & Mutations

One of your tentacles has grown a beastly spike.
You cannot wear most types of armour.
You are amphibious.
You can wear up to eight rings at the same time.
Your skin changes colour to match your surroundings (Stealth+).
Your rubbery body absorbs attacks. (AC +1, EV +1)
((You are camouflaged when in or above water. (Stealth+)))
You have tentacles for arms and can constrict up to eight enemies at once.


Message History

The hobgoblin is moderately wounded.
You constrict the hobgoblin, but do no damage.
The hobgoblin barely misses you.
You tentacle-slap the hobgoblin.
You kill the hobgoblin!
Your transformation is almost over.
Magic restored.
You see here a hobgoblin corpse.
Your tentacle spike disappears.
You see here 12 gold pieces.
You now have 26 gold pieces (gained 12).
Casting: Beastly Appendage (safe; 10% risk of failure)
Confirm with . or Enter, or press ? or * to list all spells.
One of your tentacles grows a vicious spike.
The kobold shouts!
The kobold throws a stone.
The stone hits you.
The kobold throws a stone.
The stone hits you.
A quokka comes into view.
The kobold hits you with a +0 dagger.
You tentacle-slap the kobold.
You kill the kobold!
Found 4 stones.
Found Urueg's Distillery.
Your transformation is almost over.
Things that are here:
a +0 dagger; 4 stones The quokka barely misses you.
The quokka completely misses you.
You barely miss the quokka. You grab the quokka.
You pierce the quokka, but do no damage.
You tentacle-slap the quokka, but do no damage.
You constrict the quokka, but do no damage.
The quokka misses you.
You tentacle-slap the quokka but do no damage.
You constrict the quokka. The quokka bites you.
You are too injured to fight recklessly!
You are too injured to fight recklessly!
You barely miss the quokka.
Your tentacle spike misses the quokka.
The quokka is lightly wounded.
You constrict the quokka, but do no damage.
The quokka bites you.
You die...

#.######## #.## ..
#.# ∩.. .. #.# .##
.# #.# ###.# #.# #
#...# #.# # ...#
#.# #
#######r.######.#
#
....(..@........#
#
#######)#.#######
# #.#.# #######
#.#.# #≈≈≈≈≈≈
#.#.########≈####≈
#.#.........≈#>(##
#..#########≈#..+.
##.# #≈##+## #.#
#≈≈#.#.


You could see a quokka.

Vanquished Creatures
  2 hobgoblins
  2 kobolds (D:1)
  A ball python (D:2)
5 creatures vanquished.

Notes
Turn   | Place    | Note
-------+----------+-------------------------------------------
     0 | D:1      | croobank the Octopode Transmuter began the quest for the
                  | Orb.
     0 | D:1      | Reached XP level 1. HP: 13/13 MP: 3/3
    71 | D:1      | You fall into a shaft and drop 1 floor!
   230 | D:1      | Found Urueg's Distillery.
   234 | D:1      | Slain by a quokka

Illustrated notes

Levels and vault maps discovered:
D:1:      heliophobic_arrival_glass_houses, layout_loops_ring, serial_shops,
          nicolae_shop_hallway_plus, kennysheep_nondescript
D:2:      layout_basic, dreamdust_ecumenical_altar_sealed_demon, basic_altar,
          uniq_crazy_yiuf_cottage

Action                   || total
-------------------------++-------
Melee: Unarmed           ||    11
       Constrict         ||     3
       Kick              ||     3
       Punch             ||     1
       Tentacles         ||     1
 Cast: Beastly Appendage ||     5
 Stab: Sleeping          ||     1
Dodge: Dodged            ||     9
